 Dungeon Crawl Stone Soup version 0.31-a0-889-g1a8549509d (webtiles) character file.

Game seed: 14863413291093246826

590 javelincjr the Changeling (level 7, -1/62 HPs)
             Began as a Troll Shapeshifter on Oct 16, 2023.
             Was a Believer of Okawaru.
             Killed by divine providence
             ... invoked by an orc priest
              (13 damage)
             ... on level 5 of the Dungeon.
             The game lasted 00:07:39 (2430 turns).

javelincjr the Changeling (Troll Shapeshifter)      Turns: 2430, Time: 00:07:40

Health: -1/62      AC:  4    Str: 25    XL:     7   Next: 15%
Magic:  6/6        EV: 10    Int: 15    God:    Okawaru [**....]
Gold:   145        SH:  0    Dex:  9    Spells: 6/6 levels left

rFire   . . .        u - +0 short sword (venom)
rCold   x . .        (no shield)
rNeg    + . .        a - +0 animal skin
rPois   .            (helmet currently unavailable)
rElec   .            (cloak currently unavailable)
rCorr   .            (gloves unavailable)
SInv    .            (boots unavailable)
Will    .....        (no amulet) Stlth
                     m - ring "Cemeh" {rC- rN+ Int+9 Stlth-}
HPRegen 1.10/turn    (no ring)
MPRegen 0.10/turn

%: no passive effects
@: beast-form
A: beast (slay +4), large, unfitting armour, claws 3, regeneration 1, shaggy fur
1, tough skin 1
a: Begin Untransformation, Renounce Religion, Heroism


You were on level 5 of the Dungeon.
You worshipped Okawaru.
Okawaru was pleased with you.
You were a hulking beast.
You visited 1 branch of the dungeon, and saw 5 of its levels.

You collected 145 gold pieces.

Inventory:

Hand Weapons
 u - a +0 short sword of venom (weapon)
Armour
 a - a +0 animal skin (worn)
Jewellery
 m - the ring "Cemeh" (left claw) {rC- rN+ Int+9 Stlth-}
   (You found it on level 3 of the Dungeon)

   [ring of positive energy]

   Int+9:     It affects your intelligence (+9).
   rC-:       It makes you vulnerable to cold.
   rN+:       It protects you from negative energy.
   Stlth-:    It makes you less stealthy.
Talismans
 c - a beast talisman (active)
 d - a flux talisman
Scrolls
 e - a scroll of noise {unknown}
 f - 3 scrolls of teleportation {unknown}
 i - a scroll of torment {unknown}
 j - a scroll of amnesia {unknown}
 k - a scroll of revelation {unknown}
 p - a scroll of identify {unknown}
 q - a scroll of fog {unknown}
 t - 2 scrolls of brand weapon {unknown}
Potions
 b - 5 potions of lignification
 g - 2 potions of cancellation {unknown}
 h - 2 potions of degeneration {unknown}
 l - a potion of invisibility {unknown}
 n - 2 potions of heal wounds {unknown}
 o - a potion of curing {unknown}
 r - 2 potions of haste {unknown}
 s - a potion of might {unknown}


   Skills:
 - Level 1.0 Fighting
 - Level 2.0 Dodging
 - Level 3.0 Unarmed Combat
 * Level 7.5 Shapeshifting


You had 6 spell levels left.
You didn't know any spells.
Your spell library contained the following spells:

 Spells                   Type           Power      Damage    Failure   Level
 Cigotuvi's Dreadful Rot  Necr/Pois/Air  0%         N/A       38%         2
 Ensorcelled Hibernation  Hex/Ice        0%         N/A       38%         2
 Jinxbite                 Hex            0%         N/A       38%         2
 Passwall                 Tmut/Erth      0%         N/A       38%         2
 Ignite Poison            Fire/Tmut/Pois 0%         N/A       63%         3
 Swiftness                Air            0%         N/A       63%         3
 Anguish                  Hex/Necr       0%         N/A       95%         4
 Freezing Cloud           Conj/Ice/Air   0%         6-21      100%        5


Dungeon Overview and Level Annotations

Branches:
Dungeon (5/15)
 Temple: D:4-7

Altars:
Makhleb
Nemelex Xobeh
Okawaru
The Shining One

Annotations:
D:3 3 runed translucent doors, Forgeling's ghost, amateur OpSh; scionoferis's ghost, amateur MiCK


Innate Abilities, Weirdness & Mutations

You are a hulking beast.
Your limbs bulge with bestial killing power. (Slay +4)
You are too large for most types of armour.
You have claws for hands.
Your natural rate of healing is unusually fast.
You are covered in fur. (AC +1)
You have tough skin. (AC +1)


Message History

The orc priest is moderately wounded.
The orc priest hits you but does no damage.
A white imp comes into view.
The orc hits you but does no damage.
You hit the orc priest but do no damage.
The orc priest looks as sick as possible!
The orc priest is heavily wounded.
The orc priest misses you.
The orc priest looks satisfied for a moment.
The orc hits you with a +0 war axe. The white imp gestures at you.
The puff of frost hits you.
You feel a terrible chill!
You hit the orc but do no damage. The white imp gestures at you.
The puff of frost hits you!
You feel a terrible chill!
The orc priest hits you with a +0 short sword.
The orc barely misses you. The orc hits you with a +0 war axe!
You hit the orc priest but do no damage.
The orc priest looks as sick as possible!
The orc priest is severely wounded.
The orc priest hits you with a +0 short sword.
The orc hits you with a +0 dagger. The orc misses you.
You hit the orc priest.
The orc priest is severely wounded.
The orc hits you but does no damage.
The orc priest invokes the aid of Beogh against you.
Beogh smites you!
* * * LOW HITPOINT WARNING * * *
The orc hits you with a +0 war axe.
* * * LOW HITPOINT WARNING * * *
You hit the orc priest but do no damage.
The orc priest looks as sick as possible!
The orc priest is almost dead.
You kill the orc priest!
Okawaru accepts your kill. The orc completely misses you.
You closely miss the orc. The orc closely misses you.
The orc priest calls down the wrath of Beogh upon you.
Beogh smites you!
You die...

#.# ..# #
..# #.. ..#
##..## ..#
......# ..#
#.....##).#
##>.#.#.ho.#
........oo.#
###.#5#..###
#....#.#
#.#.##.#
#.#. #.# . >
#.# . .. #.#
.. #.#


You could see an orc priest, a white imp and 2 orcs.

Vanquished Creatures
  Grinder (D:3)
  A phantom (D:4)
  A jelly (D:4)
  3 orc priests
  2 iguanas
  An orc wizard (D:3)
  3 adders
  A white imp (D:5)
  A worm (D:2)
  A dart slug (D:2)
  18 orcs
  8 endoplasms
  5 giant cockroaches
  6 goblins
  4 hobgoblins
  2 jackals (D:1)
  4 kobolds
  A quokka (D:2)
  9 ball pythons
  3 bats
  A frilled lizard (D:1)
  3 rats
79 creatures vanquished.

Notes
Turn   | Place    | Note
-------+----------+-------------------------------------------
     0 | D:1      | javelincjr the Troll Shapeshifter began the quest for the
                  | Orb.
     0 | D:1      | Reached XP level 1. HP: 18/18 MP: 0/0
   165 | D:1      | Reached skill level 1 in Fighting
   212 | D:1      | Reached XP level 2. HP: 27/27 MP: 1/1
   433 | D:1      | Found a faded altar of an unknown god.
   439 | D:1      | Prayed at the altar of an unknown god.
   439 | D:1      | Became a worshipper of Warmaster Okawaru
   439 | D:1      | Reached * piety under Okawaru
   624 | D:2      | Reached XP level 3. HP: 31/33 MP: 2/2
   707 | D:2      | Reached skill level 4 in Shapeshifting
  1049 | D:3      | Found a burning altar of Makhleb.
  1064 | D:3      | Found a glowing golden altar of the Shining One.
  1081 | D:3      | Reached XP level 4. HP: 28/41 MP: 3/3
  1146 | D:3      | Found a runed translucent gate.
  1146 | D:3      | Found a runed translucent gate.
  1146 | D:3      | Found a runed translucent gate.
  1163 | D:3      | Noticed Forgeling's ghost (amateur OpSh)
  1163 | D:3      | Noticed scionoferis's ghost (amateur MiCK)
  1469 | D:3      | Found a sparkling altar of Nemelex Xobeh.
  1481 | D:3      | Noticed Grinder
  1486 | D:3      | Reached skill level 5 in Shapeshifting
  1486 | D:3      | Reached XP level 5. HP: 30/48 MP: 4/4
  1505 | D:3      | Killed Grinder
  1505 | D:3      | Reached ** piety under Okawaru
  1506 | D:3      | Reached skill level 6 in Shapeshifting
  1506 | D:3      | Reached XP level 6. HP: 15/55 MP: 5/5
  1552 | D:3      | Identified the ring "Cemeh" {rC- rN+ Int+9 Stlth-}
  1823 | D:4      | Reached skill level 7 in Shapeshifting
  2209 | D:5      | Entered Level 5 of the Dungeon
  2333 | D:5      | Reached XP level 7. HP: 41/62 MP: 6/6
  2430 | D:5      | Killed from afar by an orc priest

Illustrated notes

Levels and vault maps discovered:
D:1:      reono_arrival_forest_river, layout_basic,
          chequers_ecumenical_altar_simple_redux
D:2:      layout_rooms, serial_curves, eino_curves_03, eino_curves_03,
          eino_curves_04, eino_curves_02
D:3:      layout_loops_cross, nemelex_xobeh_ov_fountains_minmay,
          mainiacjoe_overflow_large_starburst, gammafunk_ghost_cemetery,
          uniq_grinder
D:4:      layout_loops_ring
D:5:      layout_loops_ring, gup_sewer_entry_pipe, guppyfry_shop_venom,
          uniq_menkaure

Skill      XL: |  1  2  3  4  5  6 |
---------------+-------------------+-----
Fighting       | 1 |  1.0
Dodging        | 2 |  2.0
Shapeshifting  | 4 5 6 7 |  7.5
Unarmed Combat | |  3.0

Action                     |  1- 3 |  4- 6 |  7- 9 || total
---------------------------+-------+-------+-------++-------
  Melee: Unarmed           |    81 |    97 |    12 ||   190
         Punch             |       |     4 |       ||     4
         Short sword       |       |       |    10 ||    10
 Armour: Animal skin       |    55 |    47 |    21 ||   123
  Dodge: Dodged            |    38 |    40 |    13 ||    91

Table legend: (Time is in decaauts)
 A = Elapsed time spent in this place.
 B = Non-inter-level travel time spent in this place.
 C = Inter-level travel time spent in this place.
 D = Time resting spent in this place.
 E = Time spent auto-exploring this place.
 F = Levels seen in this place.
 G = Mean time per level.
                   A        B        C        D        E       F      G
               +--------+--------+--------+--------+--------+-----+--------+
         Total |   2415 |   2403 |     12 |     34 |   1901 |   5 |  483.0 |
       Dungeon |   2415 |   2403 |     12 |     34 |   1901 |   5 |  483.0 |
               +--------+--------+--------+--------+--------+-----+--------+

Top non-repeatable levels by time:
     D:3: 690 daAuts
     D:1: 589 daAuts
     D:4: 465 daAuts
     D:2: 452 daAuts
     D:5: 218 daAuts
